 Dungeon Crawl Stone Soup version 0.30-a0-165-g1891117ce2 (webtiles) character file.

Game seed: 15987951443923127133

1640 qw the Cleaver (level 8, -4/52 HPs)
             Began as a Gargoyle Fighter on Sept 28, 2022.
             Engulfed by a steam dragon's steam (11 damage)
             ... on level 7 of the Dungeon.
             The game lasted 00:01:43 (5471 turns).

qw the Cleaver (Gargoyle Fighter)                   Turns: 5471, Time: 00:01:44

Health: -4/52      AC: 14    Str: 20    XL:     8   Next: 99%
Magic:  8/8        EV:  9    Int: 14    God:
Gold:   353        SH:  4    Dex:  8    Spells: 7/7 levels left

rFire   . . .      SeeInvis .    Y - +1 war axe (flame)
rCold   . . .      Faith    .    c - +0 buckler
rNeg    + + .      Spirit   .    b - +0 scale mail
rPois   inf        Reflect  .    (no helmet)
rElec   +          Harm     .    (no cloak)
rCorr   .          Rampage  .    a - +0 pair of gloves
Will    .....      Rage     3%   m - +0 pair of boots
Stlth   ..........               (no amulet)
HPRegen 0.17/turn                e - ring of positive energy
MPRegen 0.11/turn                (no ring)

@: no status effects
A: sickness immunity, AC +5, negative energy resistance 1, electricity
resistance, torment resistance 1, petrification resistance, berserk 1, clever 1,
wild magic 1
a: no special abilities


You were on level 7 of the Dungeon.
You visited 2 branches of the dungeon, and saw 8 of its levels.

You collected 353 gold pieces.


Innate Abilities, Weirdness & Mutations

You are immune to sickness and miasma.
Your stone body is resilient. (AC +5)
You are immune to poison.
You resist negative energy. (rN+)
You are resistant to electric shocks. (rElec)
You are resistant to unholy torment.
You are immune to petrification.
You sometimes lose your temper in combat.
Your mind is acute. (Int +4, Str/Dex -1)
Your spells are a little harder to cast, but a little more powerful.


   Skills:
 - Level 6.3 Fighting
 + Level 8.7 Axes
 - Level 2.1 Throwing
 - Level 3.2 Armour
 - Level 1.2 Dodging
 - Level 3.2 Shields


You had 7 spell levels left.
You didn't know any spells.
Your spell library was empty.

Inventory:

Hand Weapons
 Y - a +1 war axe of flaming (weapon)
Missiles
 h - 6 boomerangs (quivered)
Armour
 a - a +0 pair of gloves (worn)
 b - a +0 scale mail (worn)
 c - a +0 buckler (worn)
 m - a +0 pair of boots (worn)
Jewellery
 e - a ring of positive energy (left hand)
Scrolls
 f - 2 scrolls of identify
 k - a scroll of immolation {unknown}
Potions
 d - a potion of might
 g - 2 potions of curing
 i - a potion of cancellation
 j - a potion of lignification
 l - a potion of haste {unknown}
 n - a potion of flight {unknown}

Dungeon Overview and Level Annotations

Branches:
Dungeon (7/15)             Temple (1/1) D:5

Altars:
Ashenzari
Dithmenos
Fedhas
Gozag
Hepliaklqana
Kikubaaqudgha
Makhleb
Nemelex Xobeh
Qazlal
Sif Muna
Wu Jian
Xom
Zin
The Shining One


Message History

Found an escape hatch in the floor.
You now have 353 gold pieces (gained 7).
Found a long sword.
Enter note:
Enter note: A bullfrog comes into view.
Enter note:
5446 ||| Stepping ~*~*~tactically~*~*~ (stealth).
Found an iron wand.
Enter note:
Enter note:
Enter note:
Enter note: A steam dragon comes into view.
The steam dragon hisses angrily.
Found 4 gold pieces.
The steam dragon breathes steam at you. The ball of steam hits you!!
You hear a shout!
You closely miss the steam dragon. You block the steam dragon's attack.
The steam dragon barely misses you. The steam dragon bites you.
You block the steam dragon's attack.
You barely miss the steam dragon. The steam dragon barely misses you. x2
An orc comes into view. It is wielding a +0 dagger.
You closely miss the steam dragon.
The steam dragon bites you but does no damage.
The steam dragon closely misses you.
You barely miss the steam dragon. The steam dragon barely misses you.
The steam dragon closely misses you.
You hit the steam dragon but do no damage.
The steam dragon breathes steam at you. The ball of steam hits you!
You closely miss the steam dragon.
You are engulfed in a cloud of scalding steam.
The steam dragon closely misses you. The steam dragon barely misses you.
You hit the steam dragon. You burn the steam dragon.
The steam dragon is moderately wounded.
You are engulfed in a cloud of scalding steam.
You die...

..............#
...............#
.....$........... . #
.................. . #
.../.............. .
#######.................
.
................D.......
#####.< #....o..@.......
#....¤¤........#F..#
##....¤¤¤....###...#
##...######## #...####
##...# #......## #...##
#........ ##...#
##........
#...#######.........
##..##..#...........


You could see a steam dragon (catching breath) and an orc.

Vanquished Creatures
  Prince Ribbit (D:7)
  Menkaure (D:6)
  A water moccasin (D:5)
  A black bear (D:5)
  3 ogres (D:6)
  3 centaurs
  A phantom (D:6)
  A bullfrog (D:6)
  5 hounds
  3 jellies
  3 iguanas
  2 orc wizards (D:5)
  7 adders
  A shadow imp (D:5)
  An ufetubus (D:6)
  A worm (D:2)
  A dart slug (D:5)
  2 orcs
  4 endoplasms
  5 giant cockroaches
  4 goblins
  6 hobgoblins
  5 jackals
  12 kobolds
  6 quokkas
  6 ball pythons
  5 bats
  6 frilled lizards
  3 rats
100 creatures vanquished.

Notes
Turn   | Place    | Note
-------+----------+-------------------------------------------
     0 | D:1      | qw the Gargoyle Fighter began the quest for the Orb.
     0 | D:1      | Reached XP level 1. HP: 14/14 MP: 1/1
     0 | D:1      | 0 ||| qw: Version: 0.2-a-12-gaebbb33
     0 | D:1      | 0 ||| qw: Game counter: 887
     0 | D:1      | 0 ||| qw: Always use a shield: true
     0 | D:1      | 0 ||| qw: God list: Okawaru
     0 | D:1      | 0 ||| qw: Allow faded altars: false
     0 | D:1      | 0 ||| qw: Do Orc after D:15 true
     0 | D:1      | 0 ||| qw: Do second Lair branch before Depths: true
     0 | D:1      | 0 ||| qw: Lair rune preference: random
     0 | D:1      | 0 ||| qw: Plans: Normal, Zot:1-4, God:TSO, Crypt, Tomb,
                  | Pan, Slime:5, Hells, Abyss, Orb
     0 | D:1      | 0 ||| PLANNING D:1-11
    36 | D:1      | 36 ||| Stepping ~*~*~tactically~*~*~ (stealth).
    37 | D:1      | 37 ||| Stepping ~*~*~tactically~*~*~ (stealth).
    43 | D:1      | Reached skill level 2 in Axes
   117 | D:1      | 117 ||| Stepping ~*~*~tactically~*~*~ (stealth).
   188 | D:1      | Reached XP level 2. HP: 18/19 MP: 2/2
   482 | D:1      | Found a faded altar of an unknown god.
   646 | D:1      | 646 ||| Stepping ~*~*~tactically~*~*~ (stealth).
   656 | D:1      | Reached skill level 3 in Axes
   775 | D:1      | Reached XP level 3. HP: 23/23 MP: 3/3
  1182 | D:1      | 1182 ||| READING scroll labelled TAOTWO POYVVE.
  1218 | D:2      | Found the +18 Lear's hauberk
  1246 | D:2      | 1246 ||| Stepping ~*~*~tactically~*~*~ (stealth).
  1248 | D:2      | 1248 ||| Stepping ~*~*~tactically~*~*~ (stealth).
  1396 | D:2      | 1396 ||| Stepping ~*~*~tactically~*~*~ (stealth).
  1405 | D:2      | 1405 ||| Stepping ~*~*~tactically~*~*~ (stealth).
  1406 | D:2      | 1406 ||| Stepping ~*~*~tactically~*~*~ (stealth).
  1940 | D:2      | 1940 ||| READING scroll labelled MOIPSA UBREQUL.
  1951 | D:3      | 1951 ||| STAIRDANCE
  1953 | D:3      | Reached XP level 4. HP: 24/28 MP: 4/4
  1953 | D:3      | 1953 ||| STAIRDANCE
  2106 | D:3      | Reached skill level 4 in Axes
  2333 | D:3      | Found a glowing golden altar of the Shining One.
  2333 | D:3      | Found an ornate altar of the Wu Jian Council.
  2395 | D:3      | 2395 ||| UPGRADING to +0 pair of gloves.
  2400 | D:3      | 2400 ||| UPGRADING to +0 pair of boots.
  2405 | D:3      | 2405 ||| READING scroll labelled TECOEQ ATEM.
  2406 | D:3      | 2406 ||| READING scroll labelled MYMOEJ BUGG.
  2407 | D:3      | 2407 ||| DROPPING +0 mace.
  2408 | D:3      | 2408 ||| DRINKING 3 murky clear potions.
  2409 | D:3      | 2409 ||| DRINKING 2 lumpy inky potions.
  2410 | D:3      | 2410 ||| DROPPING 2 potions of degeneration.
  2493 | D:4      | Found a broken altar of Ashenzari.
  2592 | D:4      | Reached XP level 5. HP: 32/32 MP: 5/5
  2620 | D:4      | Reached skill level 5 in Axes
  3072 | D:4      | 3072 ||| READING scroll labelled KEOT DIRELL.
  3073 | D:4      | 3073 ||| READING scroll labelled HIEDWE QEGOZUSS.
  3074 | D:4      | 3074 ||| DRINKING 2 brown potions.
  3074 | D:4      | Gained mutation: Your magical capacity is low. (-10% MP)
                  | [potion of mutation]
  3074 | D:4      | Gained mutation: You are frail. (-10% HP) [potion of
                  | mutation]
  3075 | D:4      | 3075 ||| DRINKING potion of mutation.
  3075 | D:4      | Lost mutation: Your magical capacity is low. (-10% MP)
                  | [potion of mutation]
  3075 | D:4      | Lost mutation: You are frail. (-10% HP) [potion of
                  | mutation]
  3075 | D:4      | Gained mutation: Your spells are a little harder to cast,
                  | but a little more powerful. [potion of mutation]
  3075 | D:4      | Gained mutation: Your mind is acute. (Int +4, Str/Dex -1)
                  | [potion of mutation]
  3075 | D:4      | Gained mutation: You sometimes lose your temper in combat.
                  | [potion of mutation]
  3111 | D:4      | 3111 ||| READING 2 scrolls of identify.
  3111 | D:4      | 3111 ||| IDENTIFYING white potion
  3127 | D:5      | Entered Level 5 of the Dungeon
  3135 | D:5      | 3135 ||| STAIRDANCE
  3192 | D:5      | Reached XP level 6. HP: 34/39 MP: 6/6
  3285 | D:5      | Noticed a water moccasin
  3296 | D:5      | Killed a water moccasin
  3297 | D:5      | Reached skill level 6 in Axes
  3416 | D:5      | Reached XP level 7. HP: 40/44 MP: 7/7
  3420 | D:5      | 3420 ||| DRINKING 3 potions of curing.
  3420 | D:5      | 3420 ||| (to cure confusion)
  3422 | D:5      | Reached skill level 1 in Dodging
  3689 | D:5      | Found a staircase to the Ecumenical Temple.
  3690 | D:5      | 3690 ||| PLANNING TEMPLE
  3690 | D:5      | 3690 ||| UPGRADING to ring of positive energy.
  3691 | D:5      | 3691 ||| READING scroll labelled RASKYA VISES.
  3695 | D:5      | 3695 ||| READING 3 scrolls of identify.
  3695 | D:5      | 3695 ||| IDENTIFYING fizzy emerald potion
  3696 | D:5      | 3696 ||| READING 2 scrolls of identify.
  3696 | D:5      | 3696 ||| IDENTIFYING amethyst potion
  3733 | Temple   | Entered the Ecumenical Temple
  3769 | Temple   | 3769 ||| PLANNING D:1-11
  3852 | D:5      | 3852 ||| Stepping ~*~*~tactically~*~*~ (hiding).
  3995 | D:6      | Reached skill level 7 in Axes
  4186 | D:6      | Found a shimmering altar of Xom.
  4192 | D:6      | Identified the +5 hand axe of the Shining Light {antimagic,
                  | Int+2}
  4222 | D:6      | Noticed Menkaure
  4223 | D:6      | 4223 ||| Stepping ~*~*~tactically~*~*~ (hiding).
  4232 | D:6      | Killed Menkaure
  4233 | D:6      | Reached XP level 8. HP: 26/49 MP: 8/8
  4233 | D:6      | 4233 ||| Stepping ~*~*~tactically~*~*~ (hiding).
  4241 | D:6      | HP: 11/49 [centaur/arrow (5)]
  4242 | D:6      | 4242 ||| READING scroll of teleportation.
  4242 | D:6      | HP: 2/49 [centaur/arrow (7)]
  4243 | D:6      | 4243 ||| DRINKING potion of heal wounds.
  4525 | D:6      | 4525 ||| Stepping ~*~*~tactically~*~*~ (stealth).
  4526 | D:6      | 4526 ||| Stepping ~*~*~tactically~*~*~ (stealth).
  4528 | D:6      | 4528 ||| Stepping ~*~*~tactically~*~*~ (hiding).
  4530 | D:6      | 4530 ||| Stepping ~*~*~tactically~*~*~ (hiding).
  4531 | D:6      | 4531 ||| Stepping ~*~*~tactically~*~*~ (hiding).
  4532 | D:6      | 4532 ||| Stepping ~*~*~tactically~*~*~ (hiding).
  4554 | D:6      | Reached skill level 8 in Axes
  4818 | D:6      | Found a burning altar of Makhleb.
  4899 | D:6      | 4899 ||| READING 3 scrolls labelled ZOLEH DUISE.
  4900 | D:6      | 4900 ||| DROPPING 2 scrolls of vulnerability.
  5235 | D:7      | Noticed Prince Ribbit
  5238 | D:7      | 5238 ||| Stepping ~*~*~tactically~*~*~ (hiding).
  5249 | D:7      | Reached skill level 6 in Fighting
  5255 | D:7      | Killed Prince Ribbit
  5446 | D:7      | 5446 ||| Stepping ~*~*~tactically~*~*~ (stealth).
  5470 | D:7      | HP: 7/52 [steam dragon] (9)]
  5471 | D:7      | Engulfed by a steam dragon's steam

Levels and vault maps discovered:
D:1:      dpeg_arrival_shrine, layout_basic, chequers_ecumenical_altar_island
D:2:      layout_loops_cross, minmay_3d_cube
D:3:      layout_rooms, nicolae_overflow_two_pavilions
D:4:      layout_basic, ashenzari_conservatory_becter,
          kennysheep_generic_room_10
D:5:      layout_cave_pools, minmay_temple_entry_offerings
D:6:      layout_basic, nicolae_overflow_hidden_temple, xom_butterflies,
          minmay_manual_mares, uniq_menkaure
D:7:      layout_cave_pods, mainiacjoe_overflow_boulevard, hangedman_misty_isle,
          uniq_prince_ribbit1
Temple:   nicolae_temple_cloud_nine

Skill      XL: |  1  2  3  4  5  6  7  8 |
---------------+-------------------------+-----
Axes           | 2 3 4 5 6 7 8 |  8.7
Fighting       | 4 5 6 |  6.3
Dodging        | 1 |  1.2
Throwing       | 2 |  2.1
Armour         | |  3.2
Shields        | |  3.2

Action                   |  1- 3 |  4- 6 |  7- 9 || total
-------------------------+-------+-------+-------++-------
Melee: War axe           |   116 |    86 |   111 ||   313
Throw: Boomerang         |     3 |    52 |    25 ||    80
  Use: Scroll            |     2 |     5 |     5 ||    12
       Potion            |       |     4 |     2 ||     6
Armor: Scale mail        |    61 |    43 |    67 ||   171
Dodge: Dodged            |    50 |    34 |    81 ||   165
Block: Buckler           |    26 |    20 |    23 ||    69

Table legend:
 A = Non-vault XP
 B = Vault XP
 C = Vault XP percentage of total XP
 D = Non-vault monster count
 E = Vault monster count
 F = Vault count percentage of total count
                 A         B        C        D         E       F
            +---------+---------+-------+---------+---------+-------
      Total |    1675 |     669 |  28.5 |      93 |       7 |   7.0
            +---------+---------+-------+---------+---------+-------
        D:1 |      39 |       0 |   0.0 |      24 |       0 |   0.0
        D:2 |      36 |       6 |  14.3 |      15 |       2 |  11.8
        D:3 |      38 |       0 |   0.0 |      18 |       0 |   0.0
        D:4 |     138 |       2 |   1.4 |       8 |       1 |  11.1
        D:5 |     638 |       0 |   0.0 |      16 |       0 |   0.0
        D:6 |     588 |     402 |  40.6 |       9 |       3 |  25.0
        D:7 |     198 |     259 |  56.7 |       3 |       1 |  25.0
            +---------+---------+-------+---------+---------+-------
